 Dungeon Crawl Stone Soup version 0.15-a0-33-ga435e27 (webtiles) character file.

484 4tharraofdagon the Ruffian (level 6, -3/59 HPs)
             Began as a Troll Monk on Apr 1, 2014.
             Was a Priest of Cheibriados.
             Slain by a slave (7 damage)
             ... led by Pikel
             ... on Level 5 of the Dungeon.
             The game lasted 00:04:33 (1006 turns).

4tharraofdagon the Ruffian (Troll Monk)             Turns: 1006, Time: 00:04:33

HP  -3/59        AC  5     Str 27      XL: 6   Next: 48%
MP   4/4         EV 11     Int 13      God: Cheibriados [***...]
Gold 98          SH  0     Dex 18      Spells:  0 memorised,  5 levels left

rFire  . . .     SeeInvis .       - Unarmed
rCold  . . .     Clarity  .     a - +0 robe
rNeg   . . .     Conserve .     (shield restricted)
rPois  .         rCorr    .     (helmet restricted)
rElec  .         rRot     .     (no cloak)
SustAb . .       Spirit   .     (gloves unavailable)
rMut   .         Warding  .     (boots unavailable)
Gourm  +         Stasis   .     (no amulet)
MR     .....                    (no ring)
                                (no ring)

@: very slow, not resistant to hostile enchantments, fairly stealthy
A: unfitting armour, claws 3, fast metabolism 3, gourmand, regeneration 2,
saprovore 2, shaggy fur 1, tough skin 2
a: Bend Time, Temporal Distortion, Renounce Religion


You were on level 5 of the Dungeon.
You worshipped Cheibriados.
Cheibriados was most pleased with you.
You were very full.

You visited 2 branches of the dungeon, and saw 6 of its levels.

You collected 98 gold pieces.

Inventory:

Missiles
 e - 2 needles of slowing
 h - 3 tomahawks of returning (quivered)
Armour
 a - a +0 robe (worn)
Magical devices
 o - a wand of confusion (12)
Comestibles
 b - 4 meat rations
 c - 2 bread rations
 i - a pear
Scrolls
 f - a scroll of enchant armour {unknown}
 g - 2 scrolls of teleportation
 l - a scroll of remove curse {unknown}
 m - 3 scrolls of identify {unknown}
Jewellery
 d - a cursed ring of fire
Potions
 j - a potion of invisibility {unknown}
 k - a potion of heal wounds
 n - a potion of curing {unknown}


   Skills:
 - Level 2.4 Fighting
 - Level 2.4 Dodging
 - Level 1.1 Stealth
 * Level 7.6 Unarmed Combat
 + Level 1.5 Invocations


You had 5 spell levels left.
You didn't know any spells.

Dungeon Overview and Level Annotations

Branches:
Dungeon (5/15)             Temple (1/1) D:4

Altars:
Ashenzari
Cheibriados
Dithmenos
Elyvilon
Fedhas
Kikubaaqudgha
Makhleb
Nemelex Xobeh
Okawaru
Sif Muna
Trog
Vehumet
Xom
Yredelemnul
Zin
The Shining One

Shops:
D:4 *

Annotations:
D:5 Pikel


Innate Abilities, Weirdness & Mutations

You are too large for most types of armour.
You have claws for hands.
Your metabolism is lightning-fast.
You like to eat raw meat.
You heal very quickly.
You can eat rotten meat.
You are covered in fur (AC +1).
You have very tough skin (AC +2).


Message History

Unknown command.
Unknown command.
You claw Pikel!
Pikel is moderately wounded.
The slave closely misses you. The slave hits you!
Pikel hits you with a whip of electrocution.
Unknown command.
Unknown command.
You hit Pikel.
Pikel is moderately wounded.
The slave hits you! The slave closely misses you.
Unknown command.
Unknown command.
You claw Pikel! You claw Pikel, but do no damage.
Pikel is heavily wounded.
Pikel hits you with a whip of electrocution.
You are electrocuted!
* * * LOW HITPOINT WARNING * * *
The slave hits you!
You die...

..... #.... #...# #...#
.# #...# .# #...#####.#
#.........#######
.########................
......@@@.......# #######
......@K@.......# #
....#########..# # ...
#..# # . #..# #
#))######### #....)......
#........###
............#


You could see Pikel (bleeding) and 4 slaves.

Vanquished Creatures
  Menkaure (D:4)
  A phantom (D:4)
  A hound (D:4)
  An iguana (D:4)
  A worker ant (D:4)
  Jessica (D:3)
  2 adders
  A giant mite (D:5)
  An iguana skeleton (D:5)
  An ooze (D:3)
  7 orcs
  5 ball pythons
  A bat zombie (D:4)
  7 goblins
  5 hobgoblins
  2 jackals (D:1)
  4 kobolds
  3 quokkas
  4 bats
  A giant cockroach (D:2)
  2 giant geckos
  A giant newt (D:5)
  7 rats
60 creatures vanquished.

Notes
Turn   | Place    | Note
--------------------------------------------------------------
     0 | D:1      | 4tharraofdagon, the Troll Monk, began the quest for the Orb.
     0 | D:1      | Reached XP level 1. HP: 22/22 MP: 1/1
   179 | D:2      | Reached XP level 2. HP: 29/29 MP: 1/1
   320 | D:3      | Reached skill level 5 in Unarmed Combat
   323 | D:3      | Reached XP level 3. HP: 36/36 MP: 2/2
   457 | D:4      | Noticed Menkaure
   466 | D:4      | Noticed a phantom
   480 | D:4      | Found Vaylad's Elemental Accessories.
   519 | D:4      | Found a staircase to the Ecumenical Temple.
   523 | D:4      | Reached XP level 4. HP: 30/44 MP: 2/2
   527 | Temple   | Entered the Ecumenical Temple
   566 | Temple   | Became a worshipper of Cheibriados the Contemplative
   612 | D:4      | Killed Menkaure
   612 | D:4      | Reached skill level 6 in Unarmed Combat
   612 | D:4      | Reached XP level 5. HP: 42/50 MP: 2/2
   757 | D:3      | Noticed Jessica
   762 | D:3      | Killed Jessica
   771 | D:4      | Reached skill level 7 in Unarmed Combat
   775 | D:4      | Noticed a phantom
   783 | D:4      | Killed a phantom
   783 | D:4      | Reached skill level 1 in Invocations
   783 | D:4      | Reached XP level 6. HP: 56/59 MP: 2/4
   879 | D:5      | Entered Level 5 of the Dungeon
   987 | D:5      | Acquired Cheibriados' first power
   998 | D:5      | Noticed Pikel
  1006 | D:5      | Slain by a slave

Action                   |  1- 3 |  4- 6 || total
-------------------------+-------+-------++-------
Melee: Unarmed           |    68 |    77 ||   145
Evoke: Wand              |       |     1 ||     1
  Use: Potion            |     1 |       ||     1
       Scroll            |     2 |       ||     2
 Stab: Sleeping          |       |     1 ||     1
       Confused          |       |     1 ||     1
